 Dungeon Crawl Stone Soup version 0.21.1 (webtiles) character file.

102 tidbits the Charmwright (level 4, -1/38 HPs)
             Began as a Gnoll Skald on Feb 2, 2018.
             Killed by divine providence
             ... invoked by an orc priest
              (12 damage)
             ... on level 3 of the Dungeon.
             The game lasted 00:03:51 (301 turns).

tidbits the Charmwright (Gnoll Skald)                Turns: 301, Time: 00:03:52

Health: -1/38      AC:  8    Str: 13    XL:     4   Next: 77%
Magic:  2/11       EV: 14    Int: 16    God:
Gold:   40         SH:  0    Dex: 15    Spells: 2/13 levels left

rFire    . . .     SeeInvis .   a - +0 hand axe
rCold    . . .     Gourm    .   (no shield)
rNeg     . . .     Faith    .   b - +0 leather armour
rPois    .         Spirit   .   (no helmet)
rElec    .         Reflect  .   (no cloak)
rCorr    .         Harm     .   (no gloves)
MR       .....                  (no boots)
Stlth    ++........             (no amulet)
HPRegen  1.12/turn              U - +5 ring of protection (curse)
MPRegen  0.12/turn              (no ring)

@: berserk cooldown, regenerating (expiring), slowed, very slow
A: distributed training, fangs 1, strong nose
a: no special abilities


You were on level 3 of the Dungeon.
You were not hungry.

You visited 1 branch of the dungeon, and saw 4 of its levels.

You collected 40 gold pieces.

Inventory:

Hand Weapons
 a - a +0 hand axe (weapon)
Missiles
 f - 13 poisoned needles
Armour
 b - a +0 leather armour (worn)
 h - a +0 shield
Jewellery
 U - a cursed +5 ring of protection (left hand)
   (You found it on level 2 of the Dungeon)
Wands
 e - a wand of random effects (50)
Books
 c - a book of Battle

   Spells                             Type                      Level
   a - Infusion                       Charms                       1
   b - Shroud of Golubria             Charms/Translocation         2
   c - Song of Slaying                Charms                       2
   d - Spectral Weapon                Hexes/Charms                 3
   e - Regeneration                   Charms/Necromancy            3
Comestibles
 d - 3 rations


   Skills:
 + Level 4.7 Fighting
 + Level 1.2 Short Blades
 + Level 1.2 Long Blades
 + Level 4.7 Axes
 + Level 1.2 Maces & Flails
 + Level 1.2 Polearms
 + Level 1.2 Staves
 + Level 1.2 Slings
 + Level 1.2 Bows
 + Level 1.2 Crossbows
 + Level 1.2 Throwing
 + Level 2.8 Armour
 + Level 4.7 Dodging
 + Level 1.2 Stealth
 + Level 1.2 Shields
 + Level 1.2 Unarmed Combat
 + Level 5.1 Spellcasting
 + Level 1.0 Conjurations
 + Level 1.0 Hexes
 + Level 5.5 Charms
 + Level 1.0 Summonings
 + Level 1.0 Necromancy
 + Level 1.0 Translocations
 + Level 1.0 Transmutations
 + Level 1.0 Fire Magic
 + Level 1.0 Ice Magic
 + Level 1.0 Air Magic
 + Level 1.0 Earth Magic
 + Level 1.0 Poison Magic
 + Level 1.3 Invocations
 + Level 1.2 Evocations


You had 2 spell levels left.
You knew the following spells:

 Your Spells              Type           Power        Failure   Level  Hunger
g - Shroud of Golubria    Chrm/Tloc      ##........   8%          2    #......
i - Infusion              Chrm           ###.         1%          1    None
r - Regeneration          Chrm/Necr      ##........   16%         3    ###....
w - Spectral Weapon       Hex/Chrm       ##......     16%         3    ###....
y - Song of Slaying       Chrm           ###.....     3%          2    #......


Dungeon Overview and Level Annotations

Branches:
Dungeon (4/15)
 Temple: D:4-7

Altars:
Beogh


Innate Abilities, Weirdness & Mutations

Your experience applies equally to all skills.
You have very sharp teeth.
Your uncanny sense of smell can sniff out nearby items.


Message History

Found 17 gold pieces.
Unknown command.
You aren't carrying any potions.
Unknown command.
You aren't carrying any potions.
Unknown command.
You barely miss the orc wizard.
Your spectral weapon hits the orc wizard.
The orc wizard hits your spectral weapon but does no damage.
The orc wizard casts a spell at you. The puff of flame hits you!
Unknown command.
You closely miss the orc wizard.
The orc wizard is lightly wounded.
Your spectral weapon fades away.
The orc priest mumbles some strange prayers to Beogh against you.
Beogh smites you!
* * * LOW HITPOINT WARNING * * *
Unknown command.
You aren't carrying any potions.
Unknown command.
Casting: Spectral Weapon
Confirm with . or Enter, or press ? or * to list all spells.
Your skin crawls.
The orc wizard hits you but does no damage.
The orc wizard completely misses you.
The orc wizard hits you but does no damage. x2
Unknown command.
Evoke which item? (* to show all) (? for menu, Esc to quit)
Aiming: Random Effects
Press: ? - help, Shift-Dir - straight line, f - orc priest
Aim: an orc priest, wielding a hand axe The bolt of poison hits the orc wizard.
The orc wizard is heavily wounded.
The bolt of poison misses the orc priest.
The orc wizard closely misses you. The orc wizard casts a spell at you.
The magic dart hits you!
* * * LOW HITPOINT WARNING * * *
Unknown command.
Evoke which item? (* to show all) (? for menu, Esc to quit)
Aiming: Random Effects
Press: ? - help, Shift-Dir - straight line, f/p - orc priest
Aim: an orc priest, wielding a hand axe The fireball explodes!
The fireball engulfs the orc wizard.
You kill the orc wizard!
Your Conjurations skill increases to level 1!
Your Hexes skill increases to level 1!
Your Summonings skill increases to level 1!
Your Necromancy skill increases to level 1!
Your Translocations skill increases to level 1!
Your Transmutations skill increases to level 1!
Your Fire Magic skill increases to level 1!
Your Ice Magic skill increases to level 1!
Your Air Magic skill increases to level 1!
Your Earth Magic skill increases to level 1!
Your Poison Magic skill increases to level 1!
The fireball engulfs the orc wizard.
The orc wizard is severely wounded.
The fireball engulfs you!
The fireball engulfs the orc.
You kill the orc!
The fireball engulfs the orc priest.
The orc priest is moderately wounded.
You hear a shout!
The orc wizard hits you with a dagger.
* * * LOW HITPOINT WARNING * * *
The orc priest hits you with a hand axe.
* * * LOW HITPOINT WARNING * * *
The orc wizard hits you but does no damage.
Unknown command.
Evoke which item? (* to show all) (? for menu, Esc to quit)
Aiming: Random Effects
Press: ? - help, Shift-Dir - straight line, f - orc, p - orc priest
Aim: an orc, wielding a dagger and wearing a chain mail The orc priest resists with some effort.
Your skin is crawling a little less now.
The orc priest hits you but does no damage.
The orc wizard hits you but does no damage.
Unknown command.
Evoke which item? (* to show all) (? for menu, Esc to quit)
Aiming: Random Effects
Press: ? - help, Shift-Dir - straight line, f/p - orc
Aim: an orc, wielding a dagger and wearing a chain mail The orc priest seems to speed up.
The orc priest hits you but does no damage.
The orc wizard hits you but does no damage.
The orc priest hits you with a hand axe.
* * * LOW HITPOINT WARNING * * *
The orc wizard hits you but does no damage.
Unknown command.
Evoke which item? (* to show all) (? for menu, Esc to quit)
Aiming: Random Effects
Press: ? - help, Shift-Dir - straight line, f/p - orc
Aim: an orc, wielding a dagger and wearing a chain mail The orc priest resists with some effort.
The orc priest hits you with a hand axe.
* * * LOW HITPOINT WARNING * * *
The orc priest invokes the aid of Beogh against you.
Beogh smites you!
You die...

∆ ∆ ∆ #### #...##
###.8.8.# ## #@oo?.._#
. #o#.8$8$######## .#
..####.##...##.......
.. .........#####....#
............#.#.#.....
..........#.#.#.# g..
.. ...####.....).#.. .
.. .. #####.###### .
#.#


You could see an orc priest, an orc wizard and an orc.

Vanquished Creatures
  Ijyb (D:3)
  An orc wizard (D:3)
  2 adders (D:2)
  A worm (D:2)
  2 dart slugs
  An orc (D:3)
  3 goblins
  6 hobgoblins
  2 kobolds
  4 bats
  A frilled lizard (D:2)
  4 rats
28 creatures vanquished.

Notes
Turn   | Place    | Note
-------+----------+-------------------------------------------
     0 | D:1      | tidbits the Gnoll Skald began the quest for the Orb.
     0 | D:1      | Reached XP level 1. HP: 20/20 MP: 6/6
    59 | D:2      | Reached XP level 2. HP: 13/26 MP: 2/7
   114 | D:2      | Learned a level 2 spell: Song of Slaying
   117 | D:2      | Learned a level 2 spell: Shroud of Golubria
   166 | D:2      | Reached skill level 5 in Spellcasting
   166 | D:2      | Reached XP level 3. HP: 14/31 MP: 0/9
   171 | D:2      | Learned a level 3 spell: Regeneration
   175 | D:2      | Learned a level 3 spell: Spectral Weapon
   192 | D:2      | Reached skill level 1 in Invocations
   271 | D:3      | Noticed Ijyb
   282 | D:3      | Killed Ijyb
   282 | D:3      | Reached skill level 1 in Short Blades
   282 | D:3      | Reached skill level 1 in Long Blades
   282 | D:3      | Reached skill level 1 in Maces & Flails
   282 | D:3      | Reached skill level 1 in Polearms
   282 | D:3      | Reached skill level 1 in Staves
   282 | D:3      | Reached skill level 1 in Slings
   282 | D:3      | Reached skill level 1 in Bows
   282 | D:3      | Reached skill level 1 in Crossbows
   282 | D:3      | Reached skill level 1 in Throwing
   282 | D:3      | Reached skill level 1 in Stealth
   282 | D:3      | Reached skill level 1 in Shields
   282 | D:3      | Reached skill level 1 in Unarmed Combat
   282 | D:3      | Reached skill level 1 in Evocations
   282 | D:3      | Reached XP level 4. HP: 38/38 MP: 1/11
   292 | D:3      | Found a roughly hewn altar of Beogh.
   298 | D:3      | Reached skill level 1 in Conjurations
   298 | D:3      | Reached skill level 1 in Hexes
   298 | D:3      | Reached skill level 1 in Summonings
   298 | D:3      | Reached skill level 1 in Necromancy
   298 | D:3      | Reached skill level 1 in Translocations
   298 | D:3      | Reached skill level 1 in Transmutations
   298 | D:3      | Reached skill level 1 in Fire Magic
   298 | D:3      | Reached skill level 1 in Ice Magic
   298 | D:3      | Reached skill level 1 in Air Magic
   298 | D:3      | Reached skill level 1 in Earth Magic
   298 | D:3      | Reached skill level 1 in Poison Magic
   301 | D:3      | Killed from afar by an orc priest

Skill      XL: |  1  2  3  4 |
---------------+-------------+-----
Spellcasting   | 5 |  5.1
Invocations    | 1 |  1.3
Short Blades   | 1 |  1.2
Long Blades    | 1 |  1.2
Maces & Flails | 1 |  1.2
Polearms       | 1 |  1.2
Staves         | 1 |  1.2
Slings         | 1 |  1.2
Bows           | 1 |  1.2
Crossbows      | 1 |  1.2
Throwing       | 1 |  1.2
Stealth        | 1 |  1.2
Shields        | 1 |  1.2
Unarmed Combat | 1 |  1.2
Evocations     | 1 |  1.2
Conjurations   | 1 |  1.0
Hexes          | 1 |  1.0
Summonings     | 1 |  1.0
Necromancy     | 1 |  1.0
Translocations | 1 |  1.0
Transmutations | 1 |  1.0
Fire Magic     | 1 |  1.0
Ice Magic      | 1 |  1.0
Air Magic      | 1 |  1.0
Earth Magic    | 1 |  1.0
Poison Magic   | 1 |  1.0
Fighting       | |  4.7
Axes           | |  4.7
Armour         | |  2.8
Dodging        | |  4.7
Charms         | |  5.5

Action                   |  1- 3 |  4- 6 || total
-------------------------+-------+-------++-------
Melee: Hand axe          |    65 |     2 ||    67
       Bite              |     7 |       ||     7
       Punch             |     1 |       ||     1
 Cast: Infusion          |     3 |       ||     3
       Spectral Weapon   |     3 |       ||     3
       Regeneration      |       |     1 ||     1
Evoke: Wand              |       |     5 ||     5
  Use: Potion            |     2 |       ||     2
 Stab: Sleeping          |     1 |       ||     1
Armor: Leather armour    |    19 |     6 ||    25
Dodge: Dodged            |    36 |     3 ||    39

Table legend:
 A = Turns spent in this place as a percentage of turns spent in the entire game.
 B = Non-inter-level travel turns spent in this place as a percentage of non-inter-level travel turns spent in the entire game.
 C = Inter-level travel turns spent in this place as a percentage of turns spent in this place.
 D = Turns resting spent in this place as a percentage of non-inter-level travel turns spent in this place.
 E = Turns spent auto-exploring this place as a percentage of non-inter-level travel turns spent in this place.
 F = Non-inter-level travel turns spent in this place divided by the number of levels of this place that you've seen.
                   A       B       C       D       E      F
               +-------+-------+-------+-------+-------+----------------------
         Total | 100.0 | 100.0 |   0.0 |   0.0 |   0.0 |  75.2
       Dungeon | 100.0 | 100.0 |   0.0 |   0.0 |   0.0 |  75.2
               +-------+-------+-------+-------+-------+----------------------

Table legend:
 A = Kills in this place as a percentage of kills in entire the game.
 B = Kills by you in this place as a percentage of kills by you in the entire game.
 C = Kills by friends in this place as a percentage of kills by friends in the entire game.
 D = Other kills in this place as a percentage of other kills in the entire game.
 E = Experience gained in this place as a percentage of experience gained in the entire game.
 F = Experience gained in this place divided by the number of levels of this place that you have seen.
                   A       B       C       D       E      F
               +-------+-------+-------+-------+-------+----------------------
         Total | 100.0 | 100.0 |   N/A |   N/A | 100.0 |  36.5
       Dungeon | 100.0 | 100.0 |   N/A |   N/A | 100.0 |  36.5
               +-------+-------+-------+-------+-------+----------------------

Vault maps used:
D:1:      minmay_arrival_doors
D:2:      first_ration
D:3:      kennysheep_orc_chapel, uniq_ijyb
